 Dungeon Crawl Stone Soup version 0.31-a0-1237-gabc64e778c (webtiles) character file.

Game seed: 9969561639270632626

151 pokeman the Magician (level 5, 0/29 HPs)
             Began as a Deep Elf Hedge Wizard on Dec 15, 2023.
             Slain by a gnoll
             ... wielding a +1 spear of flaming
              (3 damage)
             ... on level 4 of the Dungeon.
             The game lasted 00:05:12 (3313 turns).

pokeman the Magician (Deep Elf Hedge Wizard)        Turns: 3313, Time: 00:05:12

Health: 0/29       AC:  6    Str:  7    XL:     5   Next: 10%
Magic:  19/24      EV: 13    Int: 21    God:
Gold:   188        SH:  0    Dex: 14    Spells: 8/16 levels left

rFire   . . .        n - +8 mace of Wukudone {flame, MP+9}
rCold   . . .        (no shield)
rNeg    . . .        b - +0 robe
rPois   .            c - +0 hat
rElec   .            g - +0 cloak
rCorr   .            f - +2 pair of gloves
SInv    .            (no boots)
Will    .....        (no amulet)
Stlth   ++           (no ring)
HPRegen 0.24/turn    (no ring)
MPRegen 0.19/turn

%: no passive effects
@: no status effects
A: no striking features
a: no special abilities


You were on level 4 of the Dungeon.
You visited 1 branch of the dungeon, and saw 4 of its levels.

You collected 188 gold pieces.

Inventory:

Hand Weapons
 n - the +8 mace of Wukudone (weapon) {flame, MP+9}
   (You found it on level 2 of the Dungeon)

   MP+9:      It affects your magic capacity (+9).
 q - the +0 short sword "Arcanum" {freeze, rPois Will+ rCorr Dex+2}
   (You found it on level 3 of the Dungeon)

   Dex+2:     It affects your dexterity (+2).
   rPois:     It protects you from poison Will+: It increases your willpower.
   rCorr:     It protects you from acid and corrosion.
Armour
 b - a +0 robe (worn)
 c - a +0 hat (worn)
 f - a +2 pair of gloves (worn)
 g - a +0 cloak (worn)
Wands
 o - a wand of charming (5)
Scrolls
 a - a scroll of torment {unknown}
 h - 3 scrolls of identify {unknown}
 i - a scroll of blinking {unknown}
 j - a scroll of enchant weapon {unknown}
 l - 2 scrolls of acquirement {unknown}
 m - 2 scrolls of fog {unknown}
 s - a scroll of poison {unknown}
Potions
 d - a potion of magic
 e - a potion of degeneration {unknown}
 k - a potion of lignification {unknown}
 p - a potion of curing {unknown}
 r - a potion of ambrosia {unknown}


   Skills:
 - Level 1.0 Fighting
 - Level 1.0 Armour
 - Level 3.0 Dodging
 - Level 3.0 Stealth
 * Level 6.1 Spellcasting
 + Level 2.5 Conjurations
 - Level 1.1 Summonings
 - Level 1.1 Translocations
 + Level 0.0 Air Magic
 + Level 0.0 Poison Magic
 + Level 0.0 Evocations


You had 8 spell levels left.
You knew the following spells:

 Your Spells              Type           Power      Damage    Failure   Level
a - Magic Dart            Conj           68%        1d6       3%          1
b - Mephitic Cloud        Conj/Pois/Air  10%        N/A       21%         3
c - Call Imp              Summ           22%        N/A       10%         2
d - Blink                 Tloc           22%        N/A       10%         2

Your spell library contained the following spells:

 Spells                   Type           Power      Damage    Failure   Level
 Summon Small Mammal      Summ           44%        N/A       6%          1
 Slow                     Hex            24%        N/A       10%         1
 Cigotuvi's Dreadful Rot  Necr/Pois/Air  12%        N/A       14%         2


Dungeon Overview and Level Annotations

Branches:
Dungeon (4/15)
 Temple: D:4-7

Altars:
Sif Muna
Trog

Annotations:
D:3 2 transporters, Anonymone's ghost, amateur DsVM


Message History

Aim: an adder (severely wounded, 100% to hit)
The magic dart hits the adder.
The adder is severely wounded.
A gnoll comes into view. It is wielding a +1 spear of flaming.
Casting: Magic Dart (safe; 3% risk of failure)
Confirm with . or Enter, or press ? or * to list all spells.
Aiming: Magic Dart (safe; 3% risk of failure)
Press: ? - help, Shift-Dir - straight line, f/p - adder
Aim: an adder (severely wounded, 100% to hit)
The magic dart hits the adder.
You kill the adder!
The gnoll shouts!
Casting: Magic Dart (safe; 3% risk of failure)
Confirm with . or Enter, or press ? or * to list all spells.
Aiming: Magic Dart (safe; 3% risk of failure)
Press: ? - help, Shift-Dir - straight line, f - gnoll
Aim: a gnoll, wielding a +0 flail and quivering stones (100% to hit)
The magic dart hits the gnoll.
The gnoll is lightly wounded.
Casting: Magic Dart (safe; 3% risk of failure)
Confirm with . or Enter, or press ? or * to list all spells.
Aiming: Magic Dart (safe; 3% risk of failure)
Press: ? - help, Shift-Dir - straight line, f/p - gnoll
Aim: a gnoll, wielding a +0 flail and quivering stones (lightly wounded, 100% to hit)
The magic dart hits the gnoll.
The gnoll is heavily wounded.
The gnoll hits you with a +0 flail.
The gnoll throws a stone.
The stone misses you. The gnoll hits you with a +0 flail!
You closely miss the gnoll.
The gnoll is heavily wounded.
The gnoll closely misses you.
The gnoll hits you from afar with a +1 spear of flaming.
The gnoll burns you.
* * * LOW HITPOINT WARNING * * *
The gnoll hits you but does no damage.
The gnoll hits you from afar with a +1 spear of flaming.
* * * LOW HITPOINT WARNING * * *
The gnoll burns you.
You die...

#.....##########
#.....'........#
##.....########.#
#...######### #.#
#............ #.#
#....#.....#. #.#
#....#.....# #.#
#....####### #.#
##'#.# #@# #.#.#
.....†.g.......
#.#.#
.....##g#######
#.#.# !... #.#
#.#†# ... )..
#.#.# ## ...
#.#.# #..
###.#'#### .>..
#........#


You could see 2 gnolls.

Vanquished Creatures
  Jessica (D:3)
  Terence (D:3)
  2 adders
  A worm (D:3)
  A dart slug (D:2)
  3 orcs (D:3)
  9 endoplasms
  A giant cockroach (D:1)
  5 goblins
  9 hobgoblins
  3 jackals
  2 quokkas (D:3)
  8 ball pythons
  7 bats
  A frilled lizard (D:3)
  6 kobolds
  4 rats
64 creatures vanquished.

Notes
Turn   | Place    | Note
-------+----------+-------------------------------------------
     0 | D:1      | pokeman the Deep Elf Hedge Wizard began the quest for the
                  | Orb.
     0 | D:1      | Reached XP level 1. HP: 10/10 MP: 7/7
   433 | D:1      | Reached XP level 2. HP: 15/15 MP: 5/9
   924 | D:1      | Reached skill level 5 in Spellcasting
  1152 | D:2      | Reached XP level 3. HP: 20/20 MP: 7/11
  1156 | D:2      | Learned a level 3 spell: Mephitic Cloud
  1159 | D:2      | Learned a level 2 spell: Call Imp
  1162 | D:2      | Learned a level 2 spell: Blink
  1483 | D:2      | Identified the +8 mace of Wukudone {flame, MP+9}
  2359 | D:3      | Reached skill level 1 in Armour
  2425 | D:3      | Reached skill level 1 in Fighting
  2582 | D:3      | Identified the +0 short sword "Arcanum" {freeze, rPois
                  | Will+ rCorr Dex+2}
  2588 | D:3      | Found a transporter.
  2588 | D:3      | Found a transporter.
  2588 | D:3      | Noticed an ogre
  2588 | D:3      | Noticed Anonymone's ghost (amateur DsVM)
  2667 | D:3      | Reached XP level 4. HP: 21/25 MP: 13/13
  3090 | D:3      | Noticed Jessica
  3093 | D:3      | Killed Jessica
  3107 | D:3      | Found a shimmering blue altar of Sif Muna.
  3114 | D:3      | Got Sif Muna's Textbook on the Gang
  3116 | D:3      | Noticed Terence
  3119 | D:3      | Found a bloodstained altar of Trog.
  3127 | D:3      | Killed Terence
  3128 | D:3      | Reached skill level 6 in Spellcasting
  3128 | D:3      | Reached XP level 5. HP: 23/29 MP: 15/15
  3313 | D:4      | Slain by a gnoll

Illustrated notes

Levels and vault maps discovered:
D:1:      dpeg_arrival_rhombus, layout_rooms, chequers_serial_rivers_small_3,
          minmay_statues_item
D:2:      layout_basic, minmay_pentomino_x4
D:3:      minmay_diamond_boxcup, layout_rooms,
          nzn_overflow_gifts_of_might_and_magic, gammafunk_ghost_smash,
          uniq_terence
D:4:      layout_basic

Skill      XL: |  1  2  3  4 |
---------------+-------------+-----
Spellcasting   | 5 6 |  6.1
Armour         | 1 |  1.0
Fighting       | 1 |  1.0
Conjurations   | 2 |  2.5
Dodging        | 3 |  3.0
Stealth        | 3 |  3.0
Summonings     | |  1.1
Translocations | |  1.1

Action                     |  1- 3 |  4- 6 || total
---------------------------+-------+-------++-------
  Melee: Dagger            |    14 |       ||    14
         Mace              |    15 |    12 ||    27
   Cast: Magic Dart        |   112 |    25 ||   137
         Mephitic Cloud    |     1 |     1 ||     2
   Stab: Sleeping          |       |     3 ||     3
 Armour: Robe              |    22 |    13 ||    35
  Dodge: Dodged            |    30 |     9 ||    39

Table legend: (Time is in decaauts)
 A = Elapsed time spent in this place.
 B = Non-inter-level travel time spent in this place.
 C = Inter-level travel time spent in this place.
 D = Time resting spent in this place.
 E = Time spent auto-exploring this place.
 F = Levels seen in this place.
 G = Mean time per level.
                   A        B        C        D        E       F      G
               +--------+--------+--------+--------+--------+-----+--------+
         Total |   3327 |   3214 |    113 |    154 |   2678 |   4 |  831.8 |
       Dungeon |   3327 |   3214 |    113 |    154 |   2678 |   4 |  831.8 |
               +--------+--------+--------+--------+--------+-----+--------+

Top non-repeatable levels by time:
     D:2: 1257 daAuts
     D:1: 1094 daAuts
     D:3: 876 daAuts
     D:4: 99 daAuts
